Map: King's Cove LE

Players

Mjethrox - Winner!

  • Race: Zerg Zerg
  • League: Diamond
  • Spawn Location: 11:00

PeLLy

  • Race: Zerg Zerg
  • League: Diamond
  • Spawn Location: 5:00

VOD

Have the link to the VOD?

Description

Time

  • Played on: Aug. 6, 2019, 4:53 p.m.
  • Length: 9:30
Show
View Real Time Build Order
Export as new Build Order

Mjethrox Zerg - Winner!

Build Orders: Hatch First, Lurkers 

Get SALT Encoding   

  12  0:01  Drone  
  13  0:08  Drone  
  14  0:19  Overlord  
  14  0:38  Drone x3  
  17  0:55  Hatchery  
  16  1:00  Extractor  
  15  1:11  Spawning Pool  
  15  1:16  Drone  
  15  1:20  Drone  
  16  1:27  Drone  
  16  1:30  Drone  
  18  1:38  Drone  
  19  1:51  Overlord  
  19  2:00  Zergling x2  
  20  2:02  Queen  
  20  2:06  Metabolic Boost  
  21  2:09  Zergling x2  
  21  2:13  Zergling x2  
  23  2:18  Zergling x2  
  23  2:22  Zergling x2  
  25  2:32  Zergling x2  
  25  2:33  Zergling x2  
  27  2:43  Zergling x4  
  27  3:01  Drone  
  27  3:02  Drone x2  
  29  3:09  Drone  
  29  3:10  Queen  
  32  3:16  Roach Warren  
  32  3:18  Drone  
  32  3:19  Drone  
  33  3:25  Drone  
  33  3:26  Drone  
  35  3:32  Overlord  
  29  3:56  Roach x2  
  29  3:57  Roach x4  
  41  4:08  Roach  
  43  4:10  Overlord  
  43  4:13  Drone  
  48  4:38  Roach x4  
  48  4:40  Overlord x2  
  52  4:50  Overlord x2  
  52  4:59  Drone x3  
  56  5:00  Drone  
  56  5:12  Lair  
  56  5:17  Evolution Chamber  
  56  5:20  Drone x2  
  57  5:24  Drone  
  57  5:25  Drone x2, Extractor x2  
  58  5:33  Drone x4  
  62  5:38  Drone x2  
  62  5:39  Extractor  
  63  5:45  Drone x2  
  63  5:46  Drone  
  66  5:51  Zerg Missile Weapons Level 1  
  66  5:59  Drone x2  
  66  6:01  Drone  
  66  6:03  Drone x2  
  71  6:07  Drone  
  72  6:13  Hydralisk Den  
  72  6:14  Glial Reconstitution  
  71  6:18  Overseer  
  71  6:23  Roach x4  
  79  6:52  Lurker Den, Overlord x2  
  79  6:53  Overlord x2  
  78  7:00  Overlord x2  
  78  7:04  Roach x3  
  78  7:06  Overlord x3  
  84  7:14  Hydralisk x3  
  90  7:23  Hydralisk  
  90  7:27  Hydralisk  
  94  7:46  Hydralisk  
  96  8:08  Roach x5  
  96  8:09  Roach x2  
  110  8:23  Lurker x5  
  110  8:25  Roach x2  
  110  8:26  Roach  
  121  8:48  Roach x6  
  129  8:49  Roach x3  
Show
View Real Time Build Order
Export as new Build Order

PeLLy Zerg 

Build Orders: Pool First, Zergling Baneling 

Get SALT Encoding   

  12  0:01  Drone  
  13  0:13  Drone  
  14  0:29  Spawning Pool  
  14  0:30  Drone  
  14  0:36  Extractor  
  14  0:37  Drone  
  15  0:43  Overlord  
  15  1:01  Extractor  
  15  1:02  Drone x2  
  15  1:03  Drone  
  17  1:25  Hatchery  
  16  1:29  Zergling x4  
  18  1:35  Zergling x2  
  19  1:46  Zergling x2  
  20  1:58  Zergling x2  
  21  2:06  Metabolic Boost  
  21  2:13  Drone  
  22  2:24  Overlord  
  22  2:36  Queen  
  24  2:38  Queen  
  24  2:40  Drone x2  
  28  2:45  Drone  
  25  3:01  Zergling x2  
  25  3:02  Zergling x6  
  28  3:06  Baneling Nest  
  27  3:14  Spine Crawler  
  26  3:29  Zergling x8  
  26  3:31  Zergling x2  
  29  3:51  Zergling x10  
  34  4:02  Drone x2  
  36  4:03  Overlord  
  36  4:09  Baneling x2  
  36  4:10  Baneling x2  
  36  4:11  Baneling  
  36  4:13  Baneling  
  36  4:18  Baneling  
  36  4:19  Baneling  
  35  4:36  Evolution Chamber  
  33  5:08  Drone x4  
  33  5:09  Drone x7  
  33  5:11  Overlord  
  44  5:27  Hatchery  
  43  5:35  Drone x3  
  44  5:37  Drone x3  
  49  5:42  Extractor  
  48  5:50  Extractor  
  48  5:51  Extractor  
  46  6:07  Zerg Melee Weapons Level 1  
  46  6:11  Drone  
  46  6:12  Drone x5  
  52  6:38  Queen  
  54  6:46  Zergling x6  
  54  6:47  Zergling x2  
  58  6:48  Overlord x3  
  58  6:49  Overlord  
  58  7:04  Lair  
  58  7:12  Spine Crawler  
  57  7:21  Drone x6  
  63  7:25  Drone x3  
  66  7:37  Drone x5  
  71  7:46  Spine Crawler x2  
  71  7:48  Drone  
  71  7:50  Drone  
  71  7:51  Drone x2  
  73  8:04  Hydralisk Den  
  72  8:09  Evolution Chamber  
  72  8:11  Infestation Pit  
  70  8:14  Drone x4, Spire  
  70  8:18  Extractor  
  70  8:19  Extractor  
  71  8:29  Overlord x3  
  71  8:43  Lurker Den  
  70  8:54  Hydralisk x8  
Tags
 
Add a new tag
Caveats
  • Supply blocks, unpowered buildings, or Contaminate may cause inaccurate times.
  • Supply counts are checked every 10 seconds.